 Dungeon Crawl Stone Soup version 0.26.1-11-gd32895ea62 (webtiles) character file.

Game seed: 4075685668358357951

14 wheatie the Grasshopper (level 2, -2/24 HPs)
             Began as a Ghoul Warper on July 23, 2021.
             Slain by an ice beast (7 damage)
             ... on level 2 of the Dungeon.
             The game lasted 00:06:48 (567 turns).

wheatie the Grasshopper (Ghoul Warper)               Turns: 567, Time: 00:06:49

Health: -2/24      AC:  4    Str: 14    XL:     2   Next: 45%
Magic:  1/3        EV: 11    Int:  8    God:
Gold:   10         SH:  0    Dex:  8    Spells: 2/4 levels left

rFire    . . .     SeeInvis .     - Unarmed
rCold    + . .     Faith    .   (no shield)
rNeg     + + +     Spirit   .   a - +0 leather armour
rPois    ∞         Reflect  .   (no helmet)
rElec    .         Harm     .   (no cloak)
rCorr    .         Rampage  .   b - +0 pair of gloves
Will     .....                  (no boots)
Stlth    +.........             (no amulet)
HPRegen  0.00/turn              (no ring)
MPRegen  0.08/turn              (no ring)

@: no status effects
A: claws 1, cold resistance 1, negative energy resistance 3, inhibited
regeneration, torment resistance, unbreathing
a: no special abilities


You were on level 2 of the Dungeon.
You visited 1 branch of the dungeon, and saw 2 of its levels.

You collected 10 gold pieces.

Inventory:

Hand Weapons
 e - a +0 mace
Armour
 a - a +0 leather armour (worn)
 b - a +0 pair of gloves (worn)
Scrolls
 c - a scroll of blinking
 d - a scroll of teleportation


   Skills:
 + Level 2.2 Fighting
 + Level 0.8 Throwing
 + Level 1.1 Armour
 + Level 1.8 Dodging
 + Level 2.4 Unarmed Combat
 + Level 1.8 Spellcasting
 + Level 3.1 Translocations


You had 2 spell levels left.
You knew the following spells:

 Your Spells              Type           Power        Failure   Level
a - Blink                 Tloc           N/A          19%         2

Your spell library contained the following spells:

 Spells                   Type           Power        Failure   Level
 Gell's Gravitas          Tloc           2%           36%         3
 Lesser Beckoning         Tloc           2%           36%         3
 Teleport Other           Tloc           5%           36%         3
 Passage of Golubria      Tloc           N/A          77%         4


Dungeon Overview and Level Annotations

Branches:
Dungeon (2/15)

Altars:


Innate Abilities, Weirdness & Mutations

You thrive by killing the living.
You are immune to poison.
You have sharp fingernails.
Your flesh is cold resistant. (rC+)
You are immune to negative energy. (rN+++)
You do not regenerate when monsters are visible.
You are immune to unholy pain and torment.
You can survive without breathing.


Message History

You hit the ice beast but do no damage.
The ice beast is lightly wounded.
The ice beast hits you. The ice beast freezes you. You resist.
You barely miss the ice beast.
The ice beast is lightly wounded.
The ice beast hits you. The ice beast freezes you. You resist.
* * * LOW HITPOINT WARNING * * *
Your magical contamination has completely faded away.
You barely miss the ice beast.
The ice beast is lightly wounded.
The ice beast hits you but does no damage.
You hit the ice beast but do no damage.
The ice beast is lightly wounded.
The ice beast misses you.
You barely miss the ice beast.
The ice beast is lightly wounded.
The ice beast hits you.
* * * LOW HITPOINT WARNING * * *
The ice beast freezes you! You resist.
You die...

##...............#.#
##.#..######.##.†#(#
##.#..# # #.##...(#
...#....## #.###(###
#######... #.# #(#
...#....##.#.# #.#
##.#..# #..>.###(#
##.#.#
.....[....#####.#
##...#.#
.......@......#
.......#
#.#####Y#######
##..#### #.# ##).#
#.. ##..###### #.#
.......).< ..#
...###.##. ### #..#
#.# #..# #.#


You could see an ice beast.

Vanquished Creatures
  An ooze (D:1)
  A leopard gecko (D:2)
  3 hobgoblins
  2 kobolds
  A bat (D:2)
8 creatures vanquished.

Notes
Turn   | Place    | Note
-------+----------+-------------------------------------------
     0 | D:1      | wheatie the Ghoul Warper began the quest for the Orb.
     0 | D:1      | Reached XP level 1. HP: 17/17 MP: 2/2
    29 | D:1      | Reached skill level 3 in Translocations
   145 | D:1      | Reached XP level 2. HP: 13/24 MP: 3/3
   283 | D:1      | Learned a level 2 spell: Blink
   299 | D:1      | Reached skill level 1 in Armour
   555 | D:2      | Noticed an ice beast
   567 | D:2      | Slain by an ice beast

Illustrated notes

Levels and vault maps discovered:
D:1:      mainiacjoe_arrival_reflecting_pool, layout_loops_ring
D:2:      layout_loops_ring, chequers_ecumenical_altar_simple_redux

Skill      XL: |  1  2 |
---------------+-------+-----
Translocations | 3 |  3.1
Armour         | 1 |  1.1
Fighting       | |  2.2
Throwing       | |  0.8
Dodging        | |  1.8
Unarmed Combat | |  2.4
Spellcasting   | |  1.8

Action                   || total
-------------------------++-------
Melee: Unarmed           ||    41
Throw: Boomerang         ||     5
  Use: Scroll            ||     3
       Potion            ||     1
Armor: Leather armour    ||     5
Dodge: Dodged            ||    22
